 Dungeon Crawl Stone Soup version 0.20.1-1-g8b1a95d (webtiles) character file.

646 vatarom the Gusty (level 7, 0/57 HPs)
             Began as a Red Draconian Air Elementalist on Oct 14, 2017.
             Slain by an orc wizard
             ... wielding a +0 dagger
              (1 damage)
             ... on level 5 of the Dungeon.
             The game lasted 00:09:07 (5625 turns).

vatarom the Gusty (Red Draconian Air Elementalist)  Turns: 5625, Time: 00:09:08

Health: 0/57       AC:  8    Str: 10    XL:     7   Next: 27%
Magic:  1/13       EV: 12    Int: 17    God:
Gold:   159        SH:  0    Dex: 12    Spells: 4/14 levels left

rFire    + . .     SeeInvis .   a - +1 whip (freeze)
rCold    + . .     Gourm    .   (no shield)
rNeg     . . .     Faith    .   (armour unavailable)
rPois    .         Spirit   .   (helmet restricted)
rElec    .         Reflect  .   (no cloak)
rCorr    .         Harm     .   m - +1 pair of gloves
MR       .....                  (no boots)
Stlth    ++........             (no amulet)
Regen    0.2/turn               (no ring)
MPRegen  0.2/turn               (no ring)

@: no status effects
A: breathe fire, unfitting armour, hooves 1, cold resistance 1, fire resistance
1, cold-blooded, AC +6
a: Breathe Fire


You were on level 5 of the Dungeon.
You were not hungry.

You visited 1 branch of the dungeon, and saw 5 of its levels.

You collected 159 gold pieces.

Inventory:

Hand Weapons
 a - a +1 whip of freezing (weapon)
 b - a +0 hunting sling
Missiles
 i - 21 sling bullets
 k - 142 stones (quivered)
Armour
 m - a +1 pair of gloves (worn)
Scrolls
 c - a scroll of teleportation
 d - a scroll of remove curse
 g - a scroll of enchant weapon {unknown}
 n - 3 scrolls of identify
 s - 2 scrolls of recharging
 t - 2 scrolls of enchant armour
 u - a scroll of amnesia {unknown}
Potions
 e - a potion of invisibility
 l - a potion of berserk rage {unknown}
 o - a potion of agility
 p - a potion of brilliance {unknown}
 r - a potion of heal wounds {unknown}
Books
 h - a book of Air

   Spells                             Type                      Level
   a - Shock                          Conjuration/Air              1
   b - Swiftness                      Charms/Air                   2
   c - Static Discharge               Conjuration/Air              3
   d - Airstrike                      Air                          4
   e - Lightning Bolt                 Conjuration/Air              5
Comestibles
 f - 2 bread rations
 j - a meat ration


   Skills:
 + Level 3.4 Fighting
 - Level 1.7 Dodging
 - Level 1.7 Stealth
 + Level 4.0 Spellcasting
 * Level 3.2 Conjurations
 + Level 5.9 Air Magic


You had 4 spell levels left.
You knew the following spells:

 Your Spells              Type           Power        Failure   Level  Hunger
a - Shock                 Conj/Air       ###.         2%          1    None
b - Swiftness             Chrm/Air       ##......     7%          2    ##.....
c - Static Discharge      Conj/Air       ###.....     8%          3    ###....
d - Airstrike             Air            ###.......   14%         4    ####...


Dungeon Overview and Level Annotations

Branches:
Dungeon (5/15)
 Temple: D:4-7

Altars:
Kikubaaqudgha

Shops:
D:5 }

Annotations:
D:3 kalagan's ghost, amateur GrEE


Innate Abilities, Weirdness & Mutations

You can breathe blasts of fire.
Your fiery red scales are hard. (AC +6)
You cannot fit into any form of body armour.
Your flesh is heat resistant. (rF+)
You are cold-blooded and may be slowed by cold attacks.
You have large cloven feet.
Your flesh is cold resistant. (rC+)


Message History

As you read the scroll of teleportation, it crumbles to dust.
You feel strangely unstable. The centaur hits you.
* * * LOW HITPOINT WARNING * * *
Unknown command.
The centaur wields an uncursed shortbow.
The centaur shoots an arrow.
The arrow closely misses you.
You see here an arrow.
The centaur shoots an arrow.
The arrow misses you.
You see here an arrow.
Your surroundings suddenly seem different.
An orc comes into view. It is wielding a falchion.
The orc shouts!
An orc priest comes into view. It is wielding a mace.
The orc priest shouts!
An orc comes into view. It is wielding a trident.
The orc shouts!
An orc comes into view. It is wielding a flail.
The orc shouts!
The orc wizard hits you with a dagger.
You die...

..........
#..................).
#....................
###....................
#......................
#.............
#o............
#..o........
#..o@.......
#...........
#...o.......
#...........
#.......(...
#....!......
#)........o.
#..<........


You could see an orc priest, an orc wizard and 3 orcs.

Vanquished Creatures
  An ice beast (D:5)
  A centaur (D:5)
  A phantom (D:4)
  2 hounds
  2 bullfrog skeletons
  An orc wizard (D:4)
  A worker ant (D:5)
  5 gnolls
  6 adders
  2 oozes
  An adder skeleton (D:4)
  2 worms
  2 dart slugs
  5 leopard geckos
  4 orcs
  10 bats
  2 giant cockroaches
  12 goblins
  12 hobgoblins
  6 jackals
  9 kobolds
  A quokka (D:2)
  5 frilled lizards
  A leopard gecko skeleton (D:4)
  7 rats
101 creatures vanquished.

Notes
Turn   | Place    | Note
-------+----------+-------------------------------------------
     0 | D:1      | vatarom the Draconian Air Elementalist began the quest for the Orb.
     0 | D:1      | Reached XP level 1. HP: 14/14 MP: 3/3
   354 | D:1      | Reached XP level 2. HP: 18/20 MP: 3/5
   592 | D:1      | Learned a level 2 spell: Swiftness
   952 | D:1      | Reached XP level 3. HP: 20/27 MP: 0/6
   959 | D:1      | Reached skill level 1 in Fighting
  1877 | D:2      | Reached XP level 4. HP: 29/35 MP: 4/8
  1916 | D:2      | Learned a level 3 spell: Static Discharge
  2144 | D:2      | Reached skill level 4 in Air Magic
  2830 | D:3      | Reached XP level 5. HP: 33/41 MP: 4/9
  2931 | D:3      | Gained mutation: You evolve. [potion of mutation]
  2931 | D:3      | Gained mutation: You have large cloven feet. [potion of mutation]
  2931 | D:3      | Gained mutation: Your flesh is cold resistant. (rC+) [potion of mutation]
  3048 | D:3      | Found an ancient bone altar of Kikubaaqudgha.
  3223 | D:3      | Noticed kalagan's ghost (amateur GrEE)
  3471 | D:3      | Learned a level 4 spell: Airstrike
  4205 | D:4      | Lost mutation: You evolve. [end of evolution]
  4367 | D:4      | Reached skill level 5 in Air Magic
  4367 | D:4      | Reached XP level 6. HP: 43/50 MP: 3/11
  5363 | D:5      | Entered Level 5 of the Dungeon
  5373 | D:5      | Noticed an ice beast
  5378 | D:5      | Killed an ice beast
  5417 | D:5      | Found Wufoschue's Gadget Boutique.
  5460 | D:5      | Your scales start taking on a fiery red colour.
  5460 | D:5      | Reached XP level 7. HP: 18/57 MP: 0/12
  5460 | D:5      | Gained mutation: Your flesh is heat resistant. (rF+) [Red Draconian growth]
  5617 | D:5      | HP: 2/57 [centaur (9)]
  5622 | D:5      | HP: 1/57 [centaur (1)]
  5625 | D:5      | Slain by an orc wizard

Skill      XL: |  1  2  3  4  5  6  7 |
---------------+----------------------+-----
Fighting       | 1 2 3 |  3.4
Air Magic      | 4 5 |  5.9
Spellcasting   | 3 4 |  4.0
Conjurations   | 2 3 |  3.2
Dodging        | |  1.7
Stealth        | |  1.7

Action                   |  1- 3 |  4- 6 |  7- 9 || total
-------------------------+-------+-------+-------++-------
Melee: Unarmed           |     4 |       |       ||     4
       Whip              |    38 |    20 |     1 ||    59
       Tailslap          |     3 |     1 |       ||     4
       Kick              |       |     3 |     1 ||     4
 Fire: Hunting sling     |    35 |    38 |       ||    73
 Cast: Shock             |    73 |   150 |    13 ||   236
       Static Discharge  |       |     5 |       ||     5
 Abil: Breathe Fire      |       |       |     1 ||     1
  Use: Scroll            |     4 |     5 |     1 ||    10
       Potion            |     3 |     1 |     4 ||     8
  Eat: Chunk             |     4 |     1 |     1 ||     6
       Meat ration       |       |     2 |       ||     2
Armor: Skin              |    21 |    30 |     1 ||    52
Dodge: Dodged            |    48 |    53 |     6 ||   107
